 Dungeon Crawl Stone Soup version 0.26.1-11-gd32895ea62 (webtiles) character file.

Game seed: 672135048714105861

3985 raph the Reanimator (level 10, -14/87 HPs)
             Began as a Deep Dwarf Necromancer on June 20, 2021.
             Was a Priest of Makhleb.
             Demolished by a white ugly thing (31 damage)
             ... on level 8 of the Dungeon.
             The game lasted 00:32:35 (12098 turns).

raph the Reanimator (Deep Dwarf Necromancer)       Turns: 12098, Time: 00:32:36

Health: -14/87     AC:  3    Str: 11    XL:     10   Next: 3%
Magic:  17/17      EV: 14    Int: 20    God:    Makhleb [***...]
Gold:   370        SH:  0    Dex: 13    Spells: 4/18 levels left

rFire    . . .     SeeInvis .   a - +1 war axe (pain)
rCold    . . .     Faith    .   (no shield)
rNeg     . . .     Spirit   .   j - +1 robe
rPois    +         Reflect  .   (no helmet)
rElec    .         Harm     .   C - scarf {repulsion}
rCorr    .         Rampage  .   (no gloves)
Will     ++...                  (no boots)
Stlth    ++........             A - amulet of magic regeneration
HPRegen  0.00/turn              k - ring of willpower
MPRegen  0.40/turn              p - ring of poison resistance

@: non-regenerating, studying Evocations, repel missiles
A: damage resistance, heal wounds, sense surroundings 2, no regeneration
a: Heal Wounds, Renounce Religion, Minor Destruction, Lesser Servant of Makhleb


You were on level 8 of the Dungeon.
You worshipped Makhleb.
Makhleb was most pleased with you.
You visited 1 branch of the dungeon, and saw 8 of its levels.
You also visited: Sewer.

You collected 370 gold pieces.

Inventory:

Hand Weapons
 a - a +1 war axe of pain (weapon)
 c - a +0 dagger
 h - a +0 dagger of holy wrath
 i - a +1 vampiric dagger
 D - a +2 whip of venom
 I - a +0 war axe
Armour
 j - a +1 robe (worn)
 C - a scarf of repulsion (worn)
 E - a scarf of harm
Magical Staves
 u - an uncursed staff of earth
Jewellery
 k - a ring of willpower (left hand)
 p - a ring of poison resistance (right hand)
 v - an uncursed ring of ice
 y - an uncursed ring of ice
 A - an amulet of magic regeneration (around neck)
Wands
 q - a wand of paralysis (7)
 B - a wand of digging (5)
 G - a wand of iceblast (11)
 J - a wand of flame (17)
Scrolls
 b - a scroll of fear
 d - 3 scrolls of remove curse
 e - 10 scrolls of teleportation
 w - 2 scrolls of enchant armour
 x - 3 scrolls of identify
 F - a scroll of fog
Potions
 f - 8 potions of brilliance
 g - a potion of attraction
 l - a potion of flight
 m - 2 potions of magic
 n - 3 potions of invisibility
 o - 4 potions of curing
 s - 2 potions of cancellation
 K - a potion of mutation
 L - a potion of berserk rage
Books
 t - a manual of Evocations


   Skills:
 - Level 4.9 Fighting
 + Level 8.1(8.2) Axes
 - Level 1.4(4.8) Maces & Flails
 - Level 4.5 Dodging
 - Level 2.6 Stealth
 - Level 4.9 Spellcasting
 - Level 9.9 Necromancy
 + Level 1.2 Invocations
 - Level 4.0 Evocations


You had 4 spell levels left.
You knew the following spells:

 Your Spells              Type           Power        Failure   Level
a - Pain                  Necr           100%         1%          1
b - Animate Skeleton      Necr           88%          1%          1
c - Vampiric Draining     Necr           22%          1%          3
d - Animate Dead          Necr           22%          1%          4
e - Agony                 Necr           44%          5%          5

Your spell library contained the following spells:

 Spells                   Type           Power        Failure   Level
 Corona                   Hex            4%           12%         1
 Ensorcelled Hibernation  Hex/Ice        8%           19%         2
 Confusing Touch          Hex            4%           34%         3
 Dazzling Flash           Conj/Hex       8%           34%         3
 Tukima's Dance           Hex            4%           34%         3
 Bolt of Magma            Conj/Fire/Erth 2%           97%         5
 Iskenderun's Battlesphe  Conj           4%           97%         5
 Iron Shot                Conj/Erth      2%           100%        6
 Orb of Destruction       Conj           2%           100%        7
 Spellforged Servitor     Conj/Summ      2%           100%        7


Dungeon Overview and Level Annotations

Branches:
Dungeon (8/15)             Temple (0/1) D:6           Sewer (visited)
   Lair: D:8-11

Altars:
Dithmenos
Gozag
Hepliaklqana
Makhleb
Nemelex Xobeh
Qazlal
Wu Jian


Innate Abilities, Weirdness & Mutations

You are resistant to damage.
You can heal yourself by infusing magical energy.
You passively map the area around you.
You do not regenerate.


Message History

t - Shout!
Orders for allies: a - Attack new target. r - Retreat! s - Stop attacking. g - Guard the area. f - Follow me.
Anything else - Cancel.
Gang up on whom?
Press: ? - help, Dir - move target, f - white ugly thing
Aim: a white ugly thing Attack!
Your smoke demon gestures at the white ugly thing.
The white ugly thing is smitten.
The white ugly thing stings you. The white ugly thing freezes you!!
* * * LOW HITPOINT WARNING * * *
Your smoke demon hits the white ugly thing.
Your smoke demon barely misses the white ugly thing.
Your smoke demon misses the white ugly thing.
You hit the white ugly thing.
The white ugly thing writhes in agony.
The white ugly thing is moderately wounded.
The white ugly thing stings you. The white ugly thing freezes you!!
You die...

#..............# #.##
#..............# #..##
#..............# ##..##
#.......<......# #...u.
#.....###......# #.....
##..###§#.....## #.....
#..#§####...## #.....
#.####..##### ####..
#....u@.#§# ###
######3.### #§######
###§#..#############
#########.....>........
##.....#.....###........
*#.......<.....##........
#...............#.....!..
#........................


You could see a white ugly thing and a friendly smoke demon (summoned).

Vanquished Creatures
  Joseph (D:7)
  A troll (D:4)
  A hornet (D:7)
  Duvessa (D:5)
  A black bear (D:6)
  An ice beast (D:7)
  2 sky beasts
  5 ogres
  4 centaurs
  4 big kobolds (Sewer)
  2 bullfrogs
  Dowan (D:5)
  A water moccasin skeleton (D:5)
  2 scorpions
  8 wights
  2 howler monkeys
  A centaur zombie (D:5)
  3 jellies
  2 orc priests
  A hound (D:5)
  2 orc wizards
  An iguana (D:6)
  Terence (D:3)
  9 worker ants
  Ijyb (D:3)
  4 hound skeletons
  4 gnolls (D:7)
  15 adders
  4 river rats
  A shadow imp (D:6)
  3 white imps
  An ufetubus (D:5)
  2 oozes
  2 adder zombies
  An adder skeleton (D:4)
  6 worms
  4 dart slugs
  5 leopard geckos
  12 orcs
  2 giant cockroaches
  9 goblins
  7 hobgoblins
  13 jackals
  15 kobolds
  A quokka (D:2)
  7 ball pythons
  5 bats
  4 frilled lizards
  A jackal skeleton (D:5)
  8 rats
194 creatures vanquished.

Vanquished Creatures (collateral kills)
  A shadow imp (D:6)
  An orc (D:4)
  A rat (Sewer)
3 creatures vanquished.

Grand Total: 197 creatures vanquished

Notes
Turn   | Place    | Note
-------+----------+-------------------------------------------
     0 | D:1      | raph the Deep Dwarf Necromancer began the quest for the
                  | Orb.
     0 | D:1      | Reached XP level 1. HP: 15/15 MP: 3/3
    37 | D:1      | Learned a level 1 spell: Animate Skeleton
   344 | D:1      | Reached XP level 2. HP: 22/22 MP: 2/4
   688 | D:1      | Reached skill level 5 in Necromancy
  1276 | D:2      | Noticed an ogre
  1276 | D:2      | Noticed a centaur
  1283 | D:1      | Reached XP level 3. HP: 19/28 MP: 0/5
  1394 | D:1      | Learned a level 3 spell: Vampiric Draining
  2346 | D:2      | Killed an ogre
  2347 | D:2      | Reached skill level 6 in Necromancy
  2347 | D:2      | Reached XP level 4. HP: 34/36 MP: 0/6
  2347 | D:2      | Reached XP level 5. HP: 40/42 MP: 0/7
  2786 | D:2      | Found a burning altar of Makhleb.
  2786 | D:2      | Found an opulent altar of Gozag.
  2799 | D:2      | Found a stormy altar of Qazlal.
  2799 | D:2      | Found a sparkling altar of Nemelex Xobeh.
  2804 | D:2      | Became a worshipper of Makhleb the Destroyer
  3057 | D:2      | Reached skill level 7 in Necromancy
  3584 | D:3      | Reached * piety under Makhleb
  3643 | D:3      | Found a glowing drain.
  3702 | Sewer    | Entered a sewer
  3877 | Sewer    | Reached XP level 6. HP: 48/49 MP: 0/8
  3976 | Sewer    | Reached skill level 8 in Necromancy
  4253 | Sewer    | Reached skill level 1 in Fighting
  4459 | Sewer    | Learned a level 4 spell: Animate Dead
  4644 | Sewer    | Reached XP level 7. HP: 59/60 MP: 11/11
  4891 | D:3      | Noticed Terence
  4900 | D:3      | Killed Terence
  5194 | D:3      | Reached ** piety under Makhleb
  5365 | D:3      | Noticed Ijyb
  5372 | D:3      | Killed Ijyb
  5677 | D:4      | Noticed a troll
  5810 | D:4      | Killed a troll
  5994 | D:4      | Reached skill level 9 in Necromancy
  6087 | D:4      | Reached XP level 8. HP: 33/69 MP: 6/13
  6151 | D:4      | Found a hazy altar of Hepliaklqana.
  6261 | D:4      | Found a shadowy altar of Dithmenos.
  6788 | D:5      | Entered Level 5 of the Dungeon
  7226 | D:5      | Noticed Dowan
  7226 | D:5      | Noticed Duvessa
  8048 | D:5      | Killed Dowan
  8049 | D:5      | Reached skill level 1 in Evocations
  8062 | D:5      | Killed Duvessa
  8464 | D:5      | Gained mutation: You passively map the area around you.
                  | [Deep Dwarf growth]
  8464 | D:5      | Reached XP level 9. HP: 55/79 MP: 9/16
  8538 | D:5      | Learned a level 5 spell: Agony
  8776 | D:6      | Reached skill level 1 in Maces & Flails
  9087 | D:6      | Reached skill level 1 in Axes
  9244 | D:6      | Reached *** piety under Makhleb
  9484 | D:6      | Found a staircase to the Ecumenical Temple.
 10119 | D:7      | Noticed Joseph
 10132 | D:7      | Reached skill level 5 in Axes
 10142 | D:7      | Killed Joseph
 11719 | D:8      | Noticed a white ugly thing
 11719 | D:8      | Noticed a gargoyle
 11719 | D:8      | Noticed a manticore
 11946 | D:7      | Reached skill level 1 in Invocations
 11946 | D:7      | Reached XP level 10. HP: 40/87 MP: 8/17
 12024 | D:8      | Found an ornate altar of the Wu Jian Council.
 12098 | D:8      | Demolished by a white ugly thing

Illustrated notes

Levels and vault maps discovered:
D:1:      dpeg_arrival_tiny_a, layout_basic
D:2:      layout_rooms, chequers_temple_overflow_statue_of_worship
D:3:      layout_loops_ring, portal_sewer_entry_b, uniq_ijyb, uniq_terence
D:4:      layout_rooms, riverfiend_overflow_shadow_ancestor, minmay_manual_moon
D:5:      layout_basic, uniq_duvessa
D:6:      layout_rooms, minmay_temple_entry_tees, chequers_avenue
D:7:      layout_gridville, uniq_joseph
D:8:      layout_rooms, pdpol_wu_jian_five_deadly_venoms,
          minmay_shattered_shrine

Skill      XL: |  1  2  3  4  5  6  7  8  9 |
---------------+----------------------------+-----
Necromancy     | 5 6 7 8 9 |  9.9
Spellcasting   | 2 3 4 |  4.9
Fighting       | 2 3 4 |  4.9
Dodging        | 4 |  4.5
Evocations     | 2 4 |  4.0
Maces & Flails | 1 |  1.4
Axes           | 8 |  8.1
Invocations    | 1 |  1.2
Stealth        | |  2.6

Action                   |  1- 3 |  4- 6 |  7- 9 | 10-12 || total
-------------------------+-------+-------+-------+-------++-------
Melee: Dagger            |    19 |       |       |       ||    19
       Whip              |     8 |   101 |   148 |       ||   257
       War axe           |       |       |   113 |     2 ||   115
 Cast: Pain              |    69 |    53 |    51 |       ||   173
       Vampiric Draining |     8 |    14 |    87 |     4 ||   113
       Animate Skeleton  |       |    11 |     4 |       ||    15
       Animate Dead      |       |     1 |     3 |       ||     4
       Agony             |       |       |     1 |       ||     1
Invok: Minor Destruction |       |       |     6 |       ||     6
       Lesser Servant of |       |       |     1 |     1 ||     2
Evoke: Wand              |       |       |    18 |       ||    18
  Use: Scroll            |       |    10 |    15 |       ||    25
       Potion            |       |     1 |     1 |       ||     2
 Stab: Sleeping          |       |     2 |     4 |       ||     6
Armor: Robe              |     9 |    22 |    43 |     1 ||    75
Dodge: Dodged            |    53 |    73 |   258 |     5 ||   389
       Repelled          |       |       |     6 |       ||     6
